 Dungeon Crawl Stone Soup version 0.29-a0-919-gd064cfad1c (webtiles) character file.

Game seed: 12301045124730149058

58 IdlyInterested the Firebug (level 3, -12/27 HPs)
             Began as a Demonspawn Wanderer on July 26, 2022.
             Mangled by a gnoll
             ... wielding a +0 halberd
              (15 damage)
             ... on level 2 of the Dungeon.
             The game lasted 00:06:15 (1848 turns).

IdlyInterested the Firebug (Demonspawn Wanderer)    Turns: 1848, Time: 00:06:16

Health: -12/27     AC:  2    Str: 11    XL:     3   Next: 76%
Magic:  4/4        EV: 11    Int: 15    God:
Gold:   108        SH:  4    Dex: 13    Spells: 3/4 levels left

rFire   . . .      SeeInvis .   a - +0 spear
rCold   . . .      Faith    .   (no shield)
rNeg    . . .      Spirit   .   d - +0 robe
rPois   .          Reflect  .   (helmet restricted)
rElec   .          Harm     .   (no cloak)
rCorr   .          Rampage  .   (no gloves)
Will    .....                   (no boots)
Stlth   +.........              (no amulet)
HPRegen 0.09/turn               (no ring)
MPRegen 0.09/turn               (no ring)

@: no status effects
A: horns 1, large bone plates 1
a: no special abilities


You were on level 2 of the Dungeon.
You visited 1 branch of the dungeon, and saw 2 of its levels.

You collected 108 gold pieces.

Inventory:

Hand Weapons
 a - a +0 spear (weapon)
Armour
 d - a +0 robe (worn)
 e - a +0 leather armour
 i - a +0 ring mail
Wands
 b - a wand of flame (5)
Scrolls
 c - a scroll of fear
 j - a scroll of teleportation
Potions
 f - a potion of ambrosia {unknown}
 k - a potion of brilliance {unknown}
 l - a potion of heal wounds {unknown}
 m - 3 potions of curing


   Skills:
 - Level 2.0 Fighting
 + Level 1.6 Polearms
 - Level 1.0 Armour
 - Level 1.0 Dodging
 + Level 1.0 Spellcasting
 * Level 3.4 Fire Magic
 - Level 3.0 Evocations


You had 3 spell levels left.
You knew the following spells:

 Your Spells              Type           Power      Damage    Failure   Level
a - Foxfire               Conj/Fire      20%        2x1d5     12%         1

Your spell library contained the following spells:

 Spells                   Type           Power      Damage    Failure   Level
 Scorch                   Fire           22%        2d6       9%          2
 Conjure Flame            Conj/Fire      5%         6-21      36%         3
 Inner Flame              Hex/Fire       5%         N/A       36%         3
 Flame Wave               Conj/Fire      5%         2d5       77%         4
 Sticky Flame             Conj/Fire      5%         2d3       77%         4


Dungeon Overview and Level Annotations

Branches:
Dungeon (2/15)

Altars:


Innate Abilities, Weirdness & Mutations

You have a pair of small horns on your head.
You are partially covered in large bone plates. (SH +4)


Message History

Press: ? - help, Dir - move target
As you read the scroll labelled RYITSOI XEKEEX, it crumbles to dust.
It was a scroll of blinking.
As you read the scroll labelled SULLUA REUPTY, it crumbles to dust.
You feel strangely unstable.
It was a scroll of teleportation.
As you read the scroll labelled DOIPRO POETYSM, it crumbles to dust.
It is a scroll of identify.
m - 3 potions of curing
Found a stone staircase leading down.
Your surroundings suddenly seem different. 3 gnolls come into view.
The gnoll shouts!
The gnoll closely misses you.
You hit the gnoll.
The gnoll is lightly wounded.
The gnoll hits you with a +0 club.
You closely miss the gnoll. The gnoll misses you. You block the gnoll's attack.
You hit the gnoll.
The gnoll is moderately wounded.
You block the gnoll's attack. The gnoll barely misses you.
The gnoll hits you from afar with a +0 halberd.
You hit the gnoll.
The gnoll is heavily wounded.
The gnoll hits you with a +0 club. You block the gnoll's attack.
The gnoll misses you.
You hit the gnoll but do no damage.
The gnoll is heavily wounded.
The gnoll closely misses you. The gnoll hits you with a +0 club.
The gnoll barely misses you.
You hit the gnoll.
The gnoll is severely wounded.
The gnoll barely misses you. You block the gnoll's attack.
The gnoll hits you from afar with a +0 halberd!
* * * LOW HITPOINT WARNING * * *
You barely miss the gnoll.
The gnoll is severely wounded.
You block the gnoll's attack.
The gnoll hits you from afar with a +0 halberd!
Ouch! That really hurt!
You die...

#..####
#..<..#.# #
#.......#
###.##.#....#
.......####.#
###......# #
#### ######.#
..# .# #g# #
#@# #g# .g#
####


You could see 3 gnolls.

Vanquished Creatures
  3 adders (D:2)
  A dart slug (D:1)
  3 ball pythons (D:1)
  4 endoplasms (D:1)
  A goblin (D:1)
  4 hobgoblins
  3 kobolds (D:1)
  4 quokkas
  2 bats
  A frilled lizard (D:1)
  3 rats (D:1)
29 creatures vanquished.

Vanquished Creatures (others)
  49 foxfires
49 creatures vanquished.

Grand Total: 78 creatures vanquished

Notes
Turn   | Place    | Note
-------+----------+-------------------------------------------
     0 | D:1      | IdlyInterested the Demonspawn Wanderer began the quest for
                  | the Orb.
     0 | D:1      | IdlyInterested set off with the following items: a +0
                  | spear, a wand of flame (5), a scroll of fear, a +0 robe;
                  | and the following spell memorised: Foxfire; and the
                  | following spells available to memorise: Scorch, Sticky
                  | Flame.
     0 | D:1      | Reached XP level 1. HP: 13/13 MP: 2/2
   387 | D:1      | Gained mutation: You have a pair of small horns on your
                  | head. [demonic ancestry]
   387 | D:1      | Reached XP level 2. HP: 20/20 MP: 3/3
   414 | D:1      | Reached skill level 1 in Fighting
   941 | D:1      | Found a faded altar of an unknown god.
  1525 | D:2      | Gained mutation: You are partially covered in large bone
                  | plates. (SH +4) [demonic ancestry]
  1525 | D:2      | Reached XP level 3. HP: 18/26 MP: 1/4
  1848 | D:2      | Mangled by a gnoll

Illustrated notes

Levels and vault maps discovered:
D:1:      minmay_arrival_wavy_path, layout_loops_ring,
          shapermc_ecumenical_altar_venn, corexii_corridor_pit,
          hangedman_feature_mirror
D:2:      layout_basic

Skill      XL: |  1  2  3 |
---------------+----------+-----
Fighting       | 1 2 |  2.0
Fire Magic     | 3 |  3.4
Polearms       | |  1.6
Armour         | |  1.0
Dodging        | |  1.0
Spellcasting   | |  1.0
Evocations     | |  3.0

Action                   || total
-------------------------++-------
Melee: Spear             ||    59
       Headbutt          ||     4
 Cast: Foxfire           ||    27
  Use: Scroll            ||     4
 Stab: Sleeping          ||     2
Armor: Robe              ||    12
Dodge: Dodged            ||    51
Block: Other             ||     8

Table legend: (Time is in decaauts)
 A = Elapsed time spent in this place.
 B = Non-inter-level travel time spent in this place.
 C = Inter-level travel time spent in this place.
 D = Time resting spent in this place.
 E = Time spent auto-exploring this place.
 F = Levels seen in this place.
 G = Mean time per level.
                   A        B        C        D        E       F      G
               +--------+--------+--------+--------+--------+-----+--------+
         Total |   1850 |   1688 |    162 |    789 |    652 |   2 |  925.0 |
       Dungeon |   1850 |   1688 |    162 |    789 |    652 |   2 |  925.0 |
               +--------+--------+--------+--------+--------+-----+--------+

Top non-repeatable levels by time:
     D:1: 1620 daAuts
     D:2: 230 daAuts
